 Dungeon Sprint DCSS version 0.30-a0-949-g53dc5368d7 (webtiles) character file.

Game seed: 8149862528256130660

6 retardedninja the Trooper (level 1, -1/20 HPs)
             Began as a Hill Orc Fighter on Mar 27, 2023.
             Slain by an ogre
             ... wielding a +0 giant club
              (21 damage)
             ... in the Dungeon (Sprint IX: "|||||||||||||||||||||||||||||").
             The game lasted 00:00:08 (55 turns).

retardedninja the Trooper (Hill Orc Fighter)          Turns: 55, Time: 00:00:08

Health: -1/20      AC:  7    Str: 18    XL:     1   Next: 90%
Magic:  1/1        EV:  9    Int:  8    God:
Gold:   0          SH:  4    Dex: 10    Spells: 0/0 levels left

rFire   . . .      SeeInvis .    a - +0 war axe
rCold   . . .      Faith    .    c - +0 buckler
rNeg    . . .      Spirit   .    b - +0 scale mail
rPois   .          Reflect  .    (no helmet)
rElec   .          Rampage  .    (no cloak)
rCorr   .          NoTele   +    (no gloves)
Will    .....                    (no boots) Stlth
                                 (no amulet)
HPRegen 0.23/turn                (no ring)
MPRegen 0.07/turn                (no ring)

@: no status effects
A: no striking features
a: no special abilities


You were in the Dungeon.
You visited 1 branch

Inventory:

Hand Weapons
 a - a +0 war axe (weapon)
Armour
 b - a +0 scale mail (worn)
 c - a +0 buckler (worn)
Scrolls
 j - a scroll of blinking
Potions
 d - a potion of might
 e - a potion of curing
 f - a potion of heal wounds
 g - a potion of haste
 h - 2 potions of magic
 i - a potion of berserk rage


   Skills:
 + Level 4.1 Fighting
 * Level 4.0 Axes
 + Level 3.7 Armour
 + Level 3.7 Shields


You couldn't memorise any spells.
You didn't know any spells.
Your spell library was empty.

Dungeon Overview and Level Annotations

Branches:
Dungeon (1/1)

Altars:


Message History

You block the giant cockroach's attack.
You slash the giant cockroach!
You kill the giant cockroach!
You closely miss the quokka. You block the quokka's attack.
The quokka barely misses you.
You closely miss the quokka.
The quokka bites you but does no damage. x2
You slash the quokka!
You kill the quokka!
The ball python bites you but does no damage.
The ball python grabs you. The ball python constricts you.
Your Fighting skill increases to level 4!
You hit the ball python.
The ball python is heavily wounded.
The ball python completely misses you. The ball python constricts you.
You hit the ball python.
You kill the ball python!
You barely miss the quokka. The quokka bites you.
The quokka closely misses you.
You closely miss the quokka. The quokka misses you.
You barely miss the quokka.
The quokka bites you but does no damage.
You block the quokka's attack.
You miss the quokka. The quokka bites you. x2
You barely miss the quokka. The quokka completely misses you.
You slash the quokka!
You kill the quokka!
Your Axes skill increases to level 4!
There is an open door to the Dungeon, spattered with blood here.
Things that are here:
a quokka corpse; a frilled lizard corpse You start resting.
HP restored.
You open the door.
An iguana, a hound, a gnoll, a sleepcap and an ogre come into view.
The iguana hisses angrily.
The ogre shouts!
You barely miss the ogre.
The ogre hits you with a +0 giant club!!
Ouch! That really hurt!
You die...

▓+▓
▓l▓
▓.▓
▓h▓
▓g▓
▓f▓
▓O▓
▓@▓
▓.▓
▓.▓
▓.▓
▓.▓
▓†▓
▓.▓
▓.▓
▓.▓


You could see an ogre, a sleepcap, an iguana, a hound and a gnoll.

Vanquished Creatures
  A ball python (D)
  A giant cockroach (D)
  2 quokkas (D)
  A frilled lizard (D)
5 creatures vanquished.

Notes
Turn   | Place    | Note
-------+----------+-------------------------------------------
     0 | D        | retardedninja the Hill Orc Fighter began the quest for the
                  | Orb.
     0 | D        | Reached XP level 1. HP: 19/19 MP: 1/1
    54 | D        | Noticed an iguana
    54 | D        | Noticed a hound
    54 | D        | Noticed a sleepcap
    54 | D        | Noticed an ogre
    55 | D        | Slain by an ogre

Illustrated notes

Levels and vault maps discovered:
D:        linesprint [early_d, line_temple, items_1, d_10, items_2, lair_1,
          lair_end, items_3, orc_1, orc_end, items_4, d_15, swamp_1, shoals_1,
          snake_1, spider_1, d_20, vaults_1, items_5, swamp_end, shoals_end,
          snake_end, spider_end, vaults_end, d_27, items_6, zot_1, zot_end,
          crypt_end, forest_end, elf_end, slime_end, tomb_end, abyss_end,
          pan_hell_end]

Skill      XL: |  1 |
---------------+----+-----
Axes           | 4 |  4.0
Fighting       | 4 |  4.1
Armour         | |  3.7
Shields        | |  3.7

Action                     || total
---------------------------++-------
  Melee: War axe           ||    20
 Armour: Scale mail        ||     8
  Dodge: Dodged            ||     6
  Block: Buckler           ||     5

Table legend: (Time is in decaauts)
 A = Elapsed time spent in this place.
 B = Non-inter-level travel time spent in this place.
 C = Inter-level travel time spent in this place.
 D = Time resting spent in this place.
 E = Time spent auto-exploring this place.
 F = Levels seen in this place.
 G = Mean time per level.
                   A        B        C        D        E       F      G
               +--------+--------+--------+--------+--------+-----+--------+
         Total |     61 |     61 |      0 |     25 |      0 |   1 |   61.0 |
       Dungeon |     61 |     61 |      0 |     25 |      0 |   1 |   61.0 |
               +--------+--------+--------+--------+--------+-----+--------+

Top non-repeatable levels by time:
       D: 61 daAuts
